 Dungeon Sprint DCSS version 0.30-a0-1160-g6e42c06551 (webtiles) character file.

Game seed: 5210380134427081468

10082 howech the Imperceptible (level 11, -6/47 HPs)
             Began as a Spriggan Enchanter on Apr 25, 2023.
             Was a High Priest of Sif Muna.
             Mangled by a demonic crawler (11 damage)
             ... in the Dungeon (Sprint I: "Red Sonja").
             The game lasted 00:12:21 (710 turns).

howech the Imperceptible (Spriggan Enchanter)        Turns: 710, Time: 00:12:22

Health: -6/47      AC:  5    Str:  4    XL:     11   Next: 31%
Magic:  19/31      EV: 17    Int: 22    God:    Sif Muna [*****.]
Gold:   1065       SH:  0    Dex: 15    Spells: 24/40 levels left

rFire   . . .        j - +4 dagger (elec)
rCold   . . .        (no shield)
rNeg    . . .        n - +2 robe {Will+}
rPois   .            (helmet restricted)
rElec   .            t - +0 cloak
rCorr   .            (gloves unavailable)
SInv    +            (boots unavailable)
Will    ++...        (no amulet)
Stlth   +++++++++    (no ring)
HPRegen 0.27/turn    (no ring)
MPRegen 0.22/turn

%: no teleportation
@: very quick
A: very small, no large weapons, unfitting armour, see invisible, speed 3
a: Renounce Religion, Channel Magic, Forget Spell, Divine Exegesis


You were in the Dungeon.
You worshipped Sif Muna.
Sif Muna was extremely pleased with you.
You visited 1 branch You collected 1595 gold pieces.
You spent 498 gold pieces at shops.
You donated 32 gold pieces to Zin.

Inventory:

Hand Weapons
 a - a +1 dagger
 j - a +4 dagger of electrocution (weapon)
Armour
 b - a +0 robe
 n - a +2 robe of willpower (worn)
 r - a +2 robe of cold resistance
 t - a +0 cloak (worn)
 v - the +1 robe "Seraz" {*Slow Int+4}
   (You bought it in a shop in the Dungeon)

   Int:       It affects your intelligence (+4).
   *Slow:     It may slow you when you take damage.
Jewellery
 s - an amulet of magic regeneration
Wands
 h - a wand of charming (7)
 k - a wand of flame (11)
 m - a wand of mindburst (19)
Scrolls
 i - a scroll of blinking
 o - a scroll of poison
 p - 3 scrolls of identify
 u - a scroll of vulnerability
Potions
 c - 2 potions of invisibility
 d - a potion of curing
 e - a potion of heal wounds
 f - a potion of haste
 g - 2 potions of magic
 l - 2 potions of brilliance
 q - a potion of flight


   Skills:
 + Level 5.3 Short Blades
 - Level 2.6 Dodging
 * Level 25.9 Stealth
 + Level 15.0 Spellcasting
 - Level 14.2 Hexes
 + Level 6.7 Translocations
 + Level 3.8 Fire Magic
 - Level 9.8 Ice Magic
 * Level 2.3 Air Magic


You had 24 spell levels left.
You knew the following spells:

 Your Spells              Type           Power      Damage    Failure   Level
a - Ensorcelled Hibernat  Hex/Ice        100%       N/A       1%          2
b - Confusing Touch       Hex            68%        N/A       1%          3
c - Volatile Blastmotes   Fire/Tloc      78%        2d16      1%          3
d - Maxwell's Capacitive  Air            13%        ∞         100%        8

Your spell library contained the following spells:

 Spells                   Type           Power      Damage    Failure   Level
 Dazzling Flash           Conj/Hex       94%        N/A       1%          3
 Tukima's Dance           Hex            68%        N/A       1%          3
 Anguish                  Hex/Necr       23%        N/A       1%          4
 Fulminant Prism          Conj/Hex       23%        3d12      1%          4
 Shock                    Conj/Air       84%        1d8       2%          1
 Silence                  Hex/Air        26%        N/A       3%          5
 Cigotuvi's Dreadful Rot  Necr/Pois/Air  40%        N/A       4%          2
 Swiftness                Air            27%        N/A       4%          3
 Ice Form                 Ice/Tmut       38%        N/A       4%          4
 Iskenderun's Mystic Bla  Conj/Tloc      31%        2d8       9%          4
 Spider Form              Tmut/Pois      16%        N/A       11%         3
 Lee's Rapid Deconstruct  Erth           8%         3d7*      69%         5


Dungeon Overview and Level Annotations

Branches:
Dungeon (1/1)

Altars:
Cheibriados
Dithmenos
Elyvilon
Fedhas
Gozag
Hepliaklqana
Kikubaaqudgha
Makhleb
Nemelex Xobeh
Okawaru
Qazlal
Ru
Sif Muna
Trog
Uskayaw
Vehumet
Wu Jian
Xom
Yredelemnul
Zin
The Shining One
Jiyva
Lugonu

Shops:
D [*=:!*?(*!?=[:[*!??[:


Innate Abilities, Weirdness & Mutations

You are very small and have problems with some larger weapons.
You are too small for most types of armour.
You have supernaturally acute eyesight. (SInv)
You cover ground extremely quickly. (Speed+++)


Message History

Aiming: Ensorcelled Hibernation (safe; 1% risk of failure)
Press: ? - help, Shift-Dir - straight line, f - demonic crawler
Aim: a demonic crawler (chance to affect: 37%)
The demonic crawler easily resists.
The demonic crawler barely misses you. The demonic crawler closely misses you.
The demonic crawler misses you.
There is an open door here.
Casting: Ensorcelled Hibernation (safe; 1% risk of failure)
Confirm with . or Enter, or press ? or * to list all spells.
Aiming: Ensorcelled Hibernation (safe; 1% risk of failure)
Press: ? - help, Shift-Dir - straight line, f/p - demonic crawler
Aim: a demonic crawler (chance to affect: 37%)
The demonic crawler looks drowsy...
The helpless demonic crawler fails to defend itself.
You stick the demonic crawler like a pincushion!!!!!
You kill the demonic crawler!
Sif Muna accepts your kill.
Your Spellcasting skill increases to level 15!
Casting: Ensorcelled Hibernation (safe; 1% risk of failure)
Confirm with . or Enter, or press ? or * to list all spells.
Aiming: Ensorcelled Hibernation (safe; 1% risk of failure)
Press: ? - help, Shift-Dir - straight line, f - demonic crawler
Aim: a demonic crawler (chance to affect: 37%)
The demonic crawler looks drowsy...
The helpless demonic crawler fails to defend itself.
You perforate the demonic crawler like a sieve!!!!!
You kill the demonic crawler!
Sif Muna accepts your kill. The demonic crawler hits you!
The demonic crawler completely misses you.
The demonic crawler misses you.
Your Air Magic skill increases to level 2!
Casting: Ensorcelled Hibernation (safe; 1% risk of failure)
Confirm with . or Enter, or press ? or * to list all spells.
Aiming: Ensorcelled Hibernation (safe; 1% risk of failure)
Press: ? - help, Shift-Dir - straight line, f - demonic crawler
Aim: a demonic crawler (chance to affect: 37%)
The demonic crawler easily resists.
The demonic crawler hits you!
* * * LOW HITPOINT WARNING * * *
The demonic crawler hits you!
You die...

##########################
#<.#..'..#.)'..#__#..'..)#
#..[..#.)'..#.@s..'..#...#
#..#####'#####'#__####)..'..#
#..####..#...#)####§§#####..+
#..#__####..##§#§~~§§#..# +##
#..#_____##'#§§§~§~§§'.†#
#⌠⌠#_.∩..÷'...§#~§§.§#..#
####_..__##_.#'##§#####'###
#_____###'#[#..(.###.'.#
############.####'###.###.#


You could see a demonic crawler.

Vanquished Creatures
  2 centaur warriors (D)
  Sonja (D)
  A deep troll (D)
  8 shining eyes (D)
  An oklob plant (D)
  3 demonic crawlers (D)
  2 unseen horrors (D)
  2 kobold demonologists (D)
  A hornet (D)
  Sigmund (D)
  A slime creature (D)
  2 redbacks (D)
  A yak (D)
  6 floating eyes (D)
  An ogre (D)
  7 necrophages (D)
  8 jellies (D)
  Ijyb (D)
49 creatures vanquished.

Notes
Turn   | Place    | Note
-------+----------+-------------------------------------------
     0 | D        | howech the Spriggan Enchanter began the quest for the Orb.
     0 | D        | Reached XP level 1. HP: 9/9 MP: 5/5
     1 | D        | Noticed Ijyb
    17 | D        | Killed Ijyb
    18 | D        | Reached skill level 7 in Stealth
    18 | D        | Reached skill level 1 in Ice Magic
    18 | D        | Reached XP level 2. HP: 13/13 MP: 6/8
    29 | D        | Learned a level 2 spell: Ensorcelled Hibernation
    57 | D        | Noticed an ogre
    59 | D        | Killed an ogre
    60 | D        | Reached skill level 9 in Stealth
    60 | D        | Reached skill level 5 in Spellcasting
    60 | D        | Reached XP level 3. HP: 16/16 MP: 9/11
    60 | D        | Reached XP level 4. HP: 21/21 MP: 9/12
    70 | D        | Noticed Sigmund
    73 | D        | Killed Sigmund
    74 | D        | Reached skill level 12 in Stealth
    74 | D        | Reached XP level 5. HP: 24/24 MP: 8/15
    86 | D        | Found a shimmering blue altar of Sif Muna.
    87 | D        | Found an ornate altar of the Wu Jian Council.
    88 | D        | Found a radiant altar of Vehumet.
    93 | D        | Reached skill level 13 in Stealth
    93 | D        | Reached XP level 6. HP: 28/28 MP: 11/17
   116 | D        | Found Fezais's Book Emporium.
   116 | D        | Found an ancient bone altar of Kikubaaqudgha.
   116 | D        | Found a hazy altar of Hepliaklqana.
   116 | D        | Found a hide-covered altar of Uskayaw.
   116 | D        | Found a basalt altar of Yredelemnul.
   116 | D        | Found an opulent altar of Gozag.
   116 | D        | Found a snail-covered altar of Cheibriados.
   116 | D        | Found a sacrificial altar of Ru.
   116 | D        | Found a shadowy altar of Dithmenos.
   116 | D        | Noticed a yak
   117 | D        | Found a stormy altar of Qazlal.
   117 | D        | Found a blossoming altar of Fedhas.
   117 | D        | Found a bloodstained altar of Trog.
   117 | D        | Found an iron altar of Okawaru.
   117 | D        | Found a glowing golden altar of the Shining One.
   117 | D        | Found a glowing silver altar of Zin.
   117 | D        | Found a white marble altar of Elyvilon.
   118 | D        | Killed a yak
   119 | D        | Reached skill level 14 in Stealth
   119 | D        | Reached skill level 5 in Ice Magic
   119 | D        | Found a sparkling altar of Nemelex Xobeh.
   126 | D        | Became a worshipper of Zin the Law-Giver
   126 | D        | Reached * piety under Zin
   126 | D        | Reached ** piety under Zin
   126 | D        | Reached *** piety under Zin
   126 | D        | Reached **** piety under Zin
   126 | D        | Reached ***** piety under Zin
   126 | D        | Reached ****** piety under Zin
   133 | D        | Noticed Sonja
   137 | D        | Killed Sonja
   138 | D        | Reached skill level 17 in Stealth
   138 | D        | Reached skill level 10 in Hexes
   138 | D        | Reached XP level 7. HP: 32/32 MP: 17/21
   151 | D        | Found Fidamoho's Armour Boutique.
   159 | D        | Bought a +2 robe of willpower for 177 gold pieces
   171 | D        | Noticed a shining eye
   171 | D        | Noticed a shining eye
   171 | D        | Noticed a shining eye
   171 | D        | Noticed a shining eye
   171 | D        | Noticed a shining eye
   171 | D        | Noticed a shining eye
   176 | D        | Reached XP level 8. HP: 36/36 MP: 19/22
   178 | D        | Reached skill level 10 in Spellcasting
   179 | D        | Noticed a shining eye
   179 | D        | Noticed a shining eye
   180 | D        | Killed a shining eye
   181 | D        | Reached skill level 18 in Stealth
   183 | D        | Killed a shining eye
   184 | D        | Reached skill level 19 in Stealth
   184 | D        | Paralysed by a floating eye for 4 turns
   190 | D        | Reached XP level 9. HP: 39/39 MP: 15/25
   192 | D        | Killed a shining eye
   193 | D        | Reached skill level 20 in Stealth
   201 | D        | Killed a shining eye
   202 | D        | Reached skill level 21 in Stealth
   219 | D        | Killed a shining eye
   232 | D        | Killed a shining eye
   233 | D        | Reached skill level 22 in Stealth
   252 | D        | Killed a shining eye
   253 | D        | Reached XP level 10. HP: 44/44 MP: 24/28
   259 | D        | Killed a shining eye
   280 | D        | Fell from the grace of Zin
   280 | D        | Became a worshipper of Sif Muna the Loreminder
   299 | D        | Found Nafitedwa's Assorted Antiques.
   299 | D        | Found Acviobb's Distillery.
   299 | D        | Found Zusaim's Jewellery Emporium.
   299 | D        | Found Acigro Xea's Assorted Antiques.
   304 | D        | Bought a scroll labelled BASIOX CYIPS for 17 gold pieces
   304 | D        | Bought a scroll labelled YNEREQ LAPTE for 17 gold pieces
   304 | D        | Bought a scroll labelled YNEREQ LAPTE for 17 gold pieces
   316 | D        | Bought a potion of flight for 33 gold pieces
   334 | D        | Noticed a deep troll
   338 | D        | Killed a deep troll
   339 | D        | Reached skill level 23 in Stealth
   348 | D        | Found Berom's Armour Emporium.
   359 | D        | Bought a +0 cloak for 49 gold pieces
   379 | D        | Noticed a centaur warrior
   380 | D        | Noticed a centaur warrior
   385 | D        | Killed a centaur warrior
   388 | D        | Killed a centaur warrior
   388 | D        | Reached * piety under Sif Muna
   389 | D        | Reached skill level 24 in Stealth
   393 | D        | Learned a level 3 spell: Confusing Touch
   429 | D        | Learned a level 3 spell: Volatile Blastmotes
   434 | D        | Reached skill level 1 in Translocations
   443 | D        | Noticed an oklob plant
   445 | D        | Killed an oklob plant
   446 | D        | Reached skill level 1 in Fire Magic
   453 | D        | Reached ** piety under Sif Muna
   475 | D        | Reached *** piety under Sif Muna
   476 | D        | Reached XP level 11. HP: 46/47 MP: 30/30
   480 | D        | Reached skill level 25 in Stealth
   482 | D        | Reached **** piety under Sif Muna
   497 | D        | Reached ***** piety under Sif Muna
   516 | D        | Received a gift from Sif Muna
   521 | D        | Reached skill level 5 in Translocations
   569 | D        | Found Ubradghigg's Weapon Shoppe.
   569 | D        | Found Opnoshur's Magic Scroll Shop.
   569 | D        | Found Qikeq's General Store.
   571 | D        | Found Itoklik's Distillery.
   571 | D        | Found Zerhy's Magic Scroll Shop.
   571 | D        | Found Hixutzan's Jewellery Shoppe.
   571 | D        | Found Oray's Antique Armour Boutique.
   571 | D        | Found Xixaddis's Book Emporium.
   571 | D        | Found Ureubyirgh's Antique Armour Shop.
   571 | D        | Found Niuren's Assorted Antiques.
   573 | D        | Bought a scroll of identify for 20 gold pieces
   573 | D        | Bought a scroll of identify for 20 gold pieces
   575 | D        | Found Runusisu's Distillery.
   576 | D        | Found Talymex's Magic Scroll Emporium.
   576 | D        | Found Ytrim's Magic Scroll Boutique.
   577 | D        | Found Wesosox's Book Emporium.
   579 | D        | Bought an ichor-stained robe for 148 gold pieces
   579 | D        | Identified the +1 robe "Seraz" {*Slow Int+4} (You bought it
                  | in a shop in the Dungeon)
   653 | D        | Found a burning altar of Makhleb.
   653 | D        | Found a viscous altar of Jiyva.
   653 | D        | Found a shimmering altar of Xom.
   653 | D        | Found a corrupted altar of Lugonu.
   672 | D        | Received a gift from Sif Muna
   677 | D        | Got Jyceohann's Volume of Gusty Reconstruction {god gift}
   687 | D        | Learned a level 8 spell: Maxwell's Capacitive Coupling
   702 | D        | Reached skill level 5 in Short Blades
   702 | D        | Reached skill level 1 in Air Magic
   708 | D        | Reached skill level 15 in Spellcasting
   710 | D        | Mangled by a demonic crawler

Illustrated notes

Levels and vault maps discovered:
D:        dungeon_sprint_1 [red_sonja_temple_1, red_sonja_temple_small_1]

Skill      XL: |  1  2  3  4  5  6  7  8  9 10 11 |
---------------+----------------------------------+-----
Stealth        | 7 9 12 13 17 19 22 24 25 | 25.9
Spellcasting   | 4 5 7 9 11 13 14 15 | 15.0
Hexes          | 4 6 7 10 11 13 14 | 14.2
Ice Magic      | 1 3 4 6 7 9 |  9.8
Translocations | 4 6 |  6.7
Short Blades   | 3 5 |  5.3
Fire Magic     | 2 3 |  3.8
Air Magic      | 2 |  2.3
Dodging        | |  2.6

Action                     |  1- 3 |  4- 6 |  7- 9 | 10-12 || total
---------------------------+-------+-------+-------+-------++-------
  Melee: Dagger            |    13 |     4 |    50 |    51 ||   118
   Cast: Ensorcelled Hiber |       |     1 |     5 |    11 ||    17
         Confusing Touch   |       |       |       |     4 ||     4
    Use: Potion            |     1 |       |       |       ||     1
         Scroll            |       |       |       |     3 ||     3
   Stab: Sleeping          |     1 |     4 |     8 |    27 ||    40
         Confused          |       |       |       |     3 ||     3
 Armour: Robe              |       |       |       |     3 ||     3
  Dodge: Dodged            |     2 |       |       |    21 ||    23

Table legend: (Time is in decaauts)
 A = Elapsed time spent in this place.
 B = Non-inter-level travel time spent in this place.
 C = Inter-level travel time spent in this place.
 D = Time resting spent in this place.
 E = Time spent auto-exploring this place.
 F = Levels seen in this place.
 G = Mean time per level.
                   A        B        C        D        E       F      G
               +--------+--------+--------+--------+--------+-----+--------+
         Total |    563 |    540 |     23 |     90 |      0 |   1 |  563.0 |
       Dungeon |    563 |    540 |     23 |     90 |      0 |   1 |  563.0 |
               +--------+--------+--------+--------+--------+-----+--------+

Top non-repeatable levels by time:
       D: 563 daAuts
